 Dungeon Crawl Stone Soup version 0.19-a0-1827-g174f941 (webtiles) character file.

3222 4thArraOfDagon the Grappler (level 9, -10/83 HPs)
             Began as a Troll Transmuter on Oct 7, 2016.
             Was a Priest of Okawaru.
             Mangled by an orc warrior
             ... wielding a +0 trident
              (21 damage)
             ... on level 1 of the Orcish Mines.
             The game lasted 00:09:14 (1413 turns).

4thArraOfDagon the Grappler (Troll Transmuter)      Turns: 1413, Time: 00:09:15

Health: -10/83     AC:  5    Str: 20    XL:     9   Next: 66%
Magic:  10/12      EV: 13    Int: 12    God:    Okawaru [***...]
Gold:   82         SH:  0    Dex: 10    Spells: 2 memorised, 11 levels left

rFire  . . .     SeeInvis +       - Unarmed
rCold  . . .     Gourm    +     b - +0 robe
rNeg   . . .     Faith    +     (no shield)
rPois  .         Spirit   .     (helmet restricted)
rElec  .         Dismiss  .     (no cloak)
rCorr  .         Reflect  .     (gloves unavailable)
MR     .....     Harm     .     (boots unavailable)
Stlth  +++.......               v - amulet of faith
                                (no ring)
                                r - ring of see invisible

@: exhausted, heroism, slowed, very slow
A: unfitting armour, claws 3, fast metabolism 3, gourmand, regeneration 1,
shaggy fur 1, tough skin 2
a: Heroism, Renounce Religion


You were on level 1 of the Orcish Mines.
You worshipped Okawaru.
Okawaru was most pleased with you.
You were full.

You visited 3 branches of the dungeon, and saw 11 of its levels.
You also visited: Sewer.

You collected 118 gold pieces.
You spent 36 gold pieces at shops.

Inventory:

Hand Weapons
 u - a +2 scimitar of flaming
Armour
 b - a +0 robe (worn)
Jewellery
 r - a ring of see invisible (left claw)
 v - an amulet of faith (around neck)
Wands
 j - a wand of iceblast (4/15)
Scrolls
 a - a scroll of blinking {unknown}
 e - 2 scrolls of identify
 h - a scroll of noise {unknown}
 k - a scroll of immolation
 m - a scroll of teleportation {unknown}
 n - a scroll of magic mapping
 q - a scroll of amnesia {unknown}
 s - 2 scrolls of remove curse
Potions
 f - a potion of lignification {unknown}
 g - 2 potions of degeneration {unknown}
 i - a potion of curing
 t - a potion of flight {unknown}
Books
 c - a book of Changes

   Spells                             Type                      Level
   a - Beastly Appendage              Transmutation                1
   b - Sticks to Snakes               Transmutation                2
   c - Spider Form                    Transmutation/Poison         3
   d - Ice Form                       Ice/Transmutation            4
   e - Blade Hands                    Transmutation                5
Comestibles
 d - 6 bread rations
 l - a meat ration


   Skills:
 + Level 3.3(8.3) Fighting
 + Level 3.5(8.5) Dodging
 * Level 9.7(14.7) Unarmed Combat
 + Level 2.8 Spellcasting
 * Level 4.5 Transmutations
 + Level 3.8 Invocations


You had 11 spell levels left.
You knew the following spells:

 Your Spells              Type           Power        Failure   Level  Hunger
a - Beastly Appendage     Tmut           ##....       4%          1    #......
b - Apportation           Tloc           #.........   28%         1    #......


Dungeon Overview and Level Annotations

Branches:
Dungeon (9/15)             Temple (1/1) D:6             Orc (1/2) D:9
   Lair: D:8-11

Altars:
Ashenzari
Dithmenos
Elyvilon
Hepliaklqana
Makhleb
Nemelex Xobeh
Okawaru
Qazlal
Vehumet
Yredelemnul

Shops:
D:6 (   D:8 *}?

Annotations:
Orc:1 Josephine


Innate Abilities, Weirdness & Mutations

You are too large for most types of armour.
You have claws for hands.
Your metabolism is lightning-fast.
You like to eat raw meat.
Your natural rate of healing is unusually fast.
You are covered in fur. (AC +1)
You have very tough skin. (AC +2)


Message History

The orc warrior hits you from afar with a trident!
The orc misses you. The orc hits you. The orc barely misses you.
Unknown command.
As you read the scroll labeled PIZOOL PINIPHOY, it crumbles to dust.
The dust glows pulsating silver!
It was a scroll of random uselessness.
The orc warrior hits you but does no damage.
The orc hits you with a falchion. The orc hits you but does no damage.
The wraith closely misses you. The orc barely misses you.
The orc completely misses you.
The orc warrior hits you from afar with a trident!!
It was a potion of curing.
You feel better. The orc hits you. The wraith barely misses you.
The orc warrior hits you with a short sword!!
* * * LOW HITPOINT WARNING * * *
Josephine hits you with a dagger.
* * * LOW HITPOINT WARNING * * *
The orc hits you with a hand axe.
* * * LOW HITPOINT WARNING * * *
The orc warrior hits you from afar with a trident!!
You die...

#.....##... .##
#....#... ....#
#......##...#.
#...†).......
####...><.....#
..#...#..........#
.......oo.......##
#.....ooooo......#
#.....W@@.........
.......oW........#
.......WW.....$.##
................#
..........#......
#.#.#$...#......
#.......##......
...#.## ......


You could see Josephine, 4 wraiths, 2 orc warriors, an orc priest and 5 orcs.

Vanquished Creatures
  Erica (D:8)
  2 orc sorcerers (Orc:1)
  A troll (D:8)
  2 yaks (D:9)
  3 ogres
  A centaur (D:9)
  A crocodile (D:8)
  Blork the orc (D:4)
  A bullfrog (Temple)
  A scorpion (D:4)
  A howler monkey (D:6)
  2 hounds
  6 orc priests
  3 orc wizards
  A jelly (D:8)
  2 iguanas
  5 worker ants
  A worker ant zombie (D:8)
  3 adders
  A river rat (D:9)
  An adder skeleton (D:4)
  8 leopard geckos
  9 orcs
  A ball python (D:3)
  9 bats
  8 giant cockroaches
  A goblin (D:2)
  2 quokkas
  6 rats
84 creatures vanquished.

Vanquished Creatures (others)
  2 fungi (D:9)
2 creatures vanquished.

Grand Total: 86 creatures vanquished

Notes
Turn   | Place    | Note
-------+----------+-------------------------------------------
     0 | D:1      | 4thArraOfDagon the Troll Transmuter began the quest for the Orb.
     0 | D:1      | Reached XP level 1. HP: 18/18 MP: 1/1
    35 | D:1      | jacquesderrida: trall cannot into itans imo
   110 | D:2      | You fall through a shaft!
   130 | D:4      | Noticed Blork the orc
   141 | D:4      | Noticed a bullfrog
   149 | D:4      | Killed Blork the orc
   149 | D:4      | Reached skill level 5 in Unarmed Combat
   149 | D:4      | Reached XP level 2. HP: 21/26 MP: 2/2
   149 | D:4      | Reached XP level 3. HP: 26/32 MP: 3/3
   149 | D:4      | Reached XP level 4. HP: 32/40 MP: 4/4
   195 | D:4      | Reached XP level 5. HP: 27/46 MP: 5/5
   211 | D:4      | Found a burning altar of Makhleb.
   250 | D:5      | Entered Level 5 of the Dungeon
   258 | D:4      | Found a sparkling altar of Nemelex Xobeh.
   261 | D:4      | Noticed an ogre
   271 | D:4      | Killed an ogre
   271 | D:4      | Reached skill level 6 in Unarmed Combat
   426 | D:5      | timbw: yo
   435 | D:6      | Reached XP level 6. HP: 54/54 MP: 4/6
   458 | D:6      | Found a staircase to the Ecumenical Temple.
   467 | Temple   | Entered the Ecumenical Temple
   492 | Temple   | Became a worshipper of Warmaster Okawaru
   501 | Temple   | Reached skill level 7 in Unarmed Combat
   503 | Temple   | 4thArraOfDagon: ho
   534 | D:6      | 4thArraOfDagon: hi timbataur
   546 | D:6      | Learned a level 1 spell: Apportation
   595 | D:6      | Found a glowing drain.
   601 | Sewer    | Entered a sewer
   602 | Sewer    | timbw: lol
   614 | Sewer    | timbw: at least u didnt call me timpire
   667 | D:6      | Found a stormy altar of Qazlal.
   689 | D:6      | Reached skill level 1 in Invocations
   705 | D:6      | Found a white marble altar of Elyvilon.
   761 | D:7      | Reached * piety under Okawaru
   811 | D:6      | Found a shadowy altar of Dithmenos.
   824 | D:6      | Found Ukkauk's Weapon Shoppe.
   872 | D:7      | Reached XP level 7. HP: 56/61 MP: 4/7
   943 | D:8      | Found a shattered altar of Ashenzari.
   968 | D:8      | Reached skill level 1 in Fighting
  1032 | D:8      | Found Xeakk's Magic Scroll Emporium.
  1076 | D:8      | Found Fytsucef's Gadget Emporium.
  1076 | D:8      | Found Akikket's Assorted Antiques.
  1084 | D:8      | Bought a fuming yellow potion for 17 gold pieces
  1084 | D:8      | Bought a scroll labeled QUKLAI RUIMY for 19 gold pieces
  1108 | D:8      | Reached skill level 8 in Unarmed Combat
  1136 | D:8      | Noticed a troll
  1150 | D:8      | Killed a troll
  1150 | D:8      | Reached XP level 8. HP: 42/72 MP: 6/9
  1215 | D:8      | Noticed Erica
  1233 | D:8      | Killed Erica
  1233 | D:8      | Reached ** piety under Okawaru
  1233 | D:8      | Reached skill level 9 in Unarmed Combat
  1281 | D:9      | Found a staircase to the Orcish Mines.
  1296 | D:9      | Reached XP level 9. HP: 30/80 MP: 9/11
  1374 | D:9      | Reached *** piety under Okawaru
  1395 | Orc:1    | Entered Level 1 of the Orcish Mines
  1395 | Orc:1    | Noticed an orc sorcerer
  1397 | Orc:1    | Noticed an orc sorcerer
  1399 | Orc:1    | Killed an orc sorcerer
  1402 | Orc:1    | Noticed Josephine
  1406 | Orc:1    | Killed an orc sorcerer
  1410 | Orc:1    | 4thArraOfDagon: what a disaster
  1413 | Orc:1    | Mangled by an orc warrior

Vault maps used:
D:1:      minmay_arrival_cross, minmay_misc_feat_square, supply_closet_lemuel,
          minmay_surrounded
D:2:      tso_oasis_becter, serial_bayou, serial_bayou_pond_b,
          serial_bayou_lagoon_a, serial_bayou_pond_d, serial_bayou_pond_e,
          serial_bayou_shore_a, serial_bayou_shore_b, minmay_misc_feat_x,
          trog_butcher_becter, uniq_robin
D:3:      grunt_gozag_statues, minivault_11
D:4:      nemelex_xobeh_ov_fountains_minmay, kennysheep_mini_moat, first_bread,
          uniq_blork_the_orc
D:6:      nicolae_qazlal_eye_of_the_storm, grunt_dithmenos_smoke_and_mirrors,
          elyvilon_altar_1, gup_sewer_entry_pipe, kennysheep_small_square
D:7:      basic_altar
D:8:      kennysheep_blocky_room, serial_shops, shop, shop, shop, basic_altar,
          hangedman_pestilent_swarm, uniq_erica
D:9:      grunt_temple_overflow_cloverleaf, grunt_lair_entry_orc_guard_hut,
          serial_shops, shop
Temple:   cyrus_temple_forest
Orc:1:    portal_ice_cave_entry_ice_beasts, basic_altar, nicolae_orc_tapped_out,
          uniq_josephine
Sewer:    sewer_fruit_machine

Skill      XL: |  1  2  3  4  5  6  7  8  9 |
---------------+----------------------------+-----
Unarmed Combat | 5 6 7 8 9 |  9.7
Invocations    | 1 2 3 |  3.8
Fighting       | 1 2 3 |  3.3
Transmutations | 2 3 4 |  4.5
Dodging        | 2 3 |  3.5
Spellcasting   | 2 |  2.8

Action                   |  1- 3 |  4- 6 |  7- 9 || total
-------------------------+-------+-------+-------++-------
Melee: Unarmed           |    14 |   101 |   138 ||   253
       Punch             |       |     1 |     7 ||     8
 Cast: Beastly Appendage |       |     2 |       ||     2
Invok: Heroism           |       |     1 |     8 ||     9
  Use: Scroll            |       |     2 |     2 ||     4
       Potion            |       |       |     3 ||     3
  Eat: Chunk             |       |    12 |     5 ||    17
Armor: Robe              |    14 |    39 |    49 ||   102
Dodge: Dodged            |    20 |    75 |    90 ||   185
